 Dungeon Crawl Stone Soup version 0.29.1-2-gbd0b4ee654 (webtiles) character file.

Game seed: 15567014633013335097

144 Ivernyr the Insei (level 5, 0/34 HPs)
             Began as an Octopode Transmuter on Nov 1, 2022.
             Slain by an orc
             ... wielding a +0 club
              (5 damage)
             ... on level 3 of the Dungeon.
             The game lasted 00:05:48 (3377 turns).

Ivernyr the Insei (Octopode Transmuter)             Turns: 3377, Time: 00:05:50

Health: 0/34       AC:  1    Str:  9    XL:     5   Next: 27%
Magic:  7/9        EV: 13    Int: 17    God:
Gold:   74         SH:  0    Dex: 13    Spells: 3/9 levels left

rFire   . . .      SeeInvis .     - Unarmed
rCold   . . .      Faith    .   (no shield)
rNeg    . . .      Spirit   .   (helmet restricted)
rPois   .          Reflect  .   (no amulet)
rElec   .          Harm     .   (no ring)
rCorr   .          Rampage  .   (no ring)
Will    .....                   (no ring)
Stlth   ++........              (no ring)
HPRegen 0.11/turn               (no ring)
MPRegen 0.11/turn               (no ring)
                                (no ring)
                                (no ring)

@: wereblooded (expiring)
A: almost no armour, amphibious, 8 rings, camouflage 1, gelatinous body 1,
(nimble swimmer 1), tentacles
a: no special abilities


You were on level 3 of the Dungeon.
You visited 1 branch of the dungeon, and saw 3 of its levels.

You collected 74 gold pieces.

Inventory:

Jewellery
 i - a +4 ring of protection
Scrolls
 d - a scroll of enchant armour {unknown}
 h - 2 scrolls of teleportation {unknown}
 l - a scroll of fear {unknown}
Potions
 a - 3 potions of lignification
 b - a potion of invisibility {unknown}
 c - a potion of berserk rage {unknown}
 e - 2 potions of attraction {unknown}
 f - a potion of brilliance {unknown}
 g - 2 potions of degeneration {unknown}
 j - a potion of ambrosia {unknown}
 k - a potion of flight {unknown}
 m - a potion of curing {unknown}


   Skills:
 + Level 2.3 Fighting
 - Level 2.0 Dodging
 + Level 3.7 Unarmed Combat
 + Level 2.7 Spellcasting
 * Level 3.6 Transmutations


You had 3 spell levels left.
You knew the following spells:

 Your Spells              Type           Power      Damage    Failure   Level
a - Beastly Appendage     Tmut           28%        N/A       4%          1
b - Wereblood             Tmut           14%        N/A       6%          2
c - Spider Form           Tmut/Pois      8%         N/A       26%         3

Your spell library contained the following spells:

 Spells                   Type           Power      Damage    Failure   Level
 Sting                    Tmut/Pois      32%        1d4       9%          1
 Poisonous Vapours        Pois/Air       4%         N/A       26%         2
 Ice Form                 Ice/Tmut       8%         N/A       63%         4
 Olgreb's Toxic Radiance  Pois           2%         N/A       87%         4
 Summon Lightning Spire   Summ/Air       2%         N/A       87%         4
 Storm Form               Tmut/Air       4%         N/A       100%        7
 Maxwell's Capacitive Co  Air            1%         ∞         100%        8


Dungeon Overview and Level Annotations

Branches:
Dungeon (3/15)

Altars:
Fedhas


Innate Abilities, Weirdness & Mutations

You cannot wear most types of armour.
You are amphibious.
You can wear up to eight rings at the same time.
Your skin changes colour to match your surroundings (Stealth+).
Your rubbery body absorbs attacks. (AC +1, EV +1)
((You are camouflaged when in or above water. (Stealth+)))
You have tentacles for arms and can constrict up to eight enemies at once.


Message History

You hear some strange, mumbled words.
A magic dart appears from out of thin air!
The magic dart hits you.
You bump into the rock wall.
You howl as the wereblood boils in your veins!
You hear some strange, mumbled words.
A puff of flame appears from out of thin air!
The puff of flame hits you!
* * * LOW HITPOINT WARNING * * *
Something hits you.
* * * LOW HITPOINT WARNING * * *
You closely miss something.
You pierce something.
Your squeeze misses something.
You feel less confused. Something hits you.
* * * LOW HITPOINT WARNING * * *
You tentacle-slap something.
You feel a bit better.
Reactivating autopickup.
You feel a bit more experienced.
You tentacle-slap the jackal. Your grab misses the jackal.
Your squeeze misses the jackal.
The jackal is heavily wounded.
The jackal barely misses you.
You closely miss the jackal. Your grab misses the jackal.
You squeeze the jackal.
You feel a bit better.
You kill the jackal!
The jackal misses you.
You tentacle-slap the jackal. You grab the jackal.
You pierce the jackal.
You feel a bit better.
You kill the jackal!
The orc hits you with a +0 club.
* * * LOW HITPOINT WARNING * * *
Items here: ) [ †††.
You tentacle-slap the orc. Your grab misses the orc.
Your tentacle spike misses the orc.
The orc is moderately wounded.
You howl as the wereblood boils in your veins!
Your tentacle spike disappears.
Your primal bloodlust is almost over.
The orc hits you with a +0 club.
You die...

##.####.)......#....###~~~~~~
........#..................r~
##.###.##......#............~
.......##......#........~~...
..###########..........~..~~.
.......................~..).~
.############.##)#......~~⌠..
.#### ##.##o#.......⌠~~. ....#
####..##@#^...~~....~
.##.#####.....##.#...~..~~..~
..#.†.....###.##.#...~....~~.
#..##.#######.........~~.....
#..............#)#.....~~....
#...#......##>##.##.###~~~~~~
#.#........##....#######~~~~# #
..###.####...........#.######.#
.# #.# #.#.######..#.........


You could see an orc.

Vanquished Creatures
  An orc wizard (D:3)
  Robin (D:2)
  3 adders
  3 worms
  A dart slug (D:2)
  3 orcs (D:3)
  4 ball pythons
  7 bats
  3 endoplasms
  3 giant cockroaches (D:1)
  7 goblins
  7 hobgoblins
  2 jackals (D:3)
  3 quokkas
  5 frilled lizards
  6 kobolds
  8 rats
67 creatures vanquished.

Notes
Turn   | Place    | Note
-------+----------+-------------------------------------------
     0 | D:1      | Ivernyr the Octopode Transmuter began the quest for the
                  | Orb.
     0 | D:1      | Reached XP level 1. HP: 13/13 MP: 3/3
   260 | D:1      | Reached XP level 2. HP: 15/18 MP: 5/5
   263 | D:1      | Learned a level 2 spell: Wereblood
  1011 | D:1      | Reached XP level 3. HP: 20/23 MP: 6/6
  1015 | D:1      | Learned a level 3 spell: Spider Form
  2164 | D:2      | Reached XP level 4. HP: 29/29 MP: 7/7
  2594 | D:2      | Noticed Robin
  2614 | D:2      | Killed Robin
  3321 | D:3      | Found a blossoming altar of Fedhas.
  3359 | D:3      | Reached XP level 5. HP: 22/34 MP: 5/9
  3377 | D:3      | Slain by an orc

Illustrated notes

Levels and vault maps discovered:
D:1:      psy_arrival_terrarium, layout_basic, serial_bayou_lagoon_a
D:2:      layout_loops_ring, uniq_robin
D:3:      cheibrodos_helix_gallery, layout_rooms, general_overflow_altar,
          uniq_crazy_yiuf_cottage

Skill      XL: |  1  2  3  4 |
---------------+-------------+-----
Transmutations | 3 |  3.6
Fighting       | 2 |  2.3
Dodging        | |  2.0
Unarmed Combat | |  3.7
Spellcasting   | |  2.7

Action                   |  1- 3 |  4- 6 || total
-------------------------+-------+-------++-------
Melee: Unarmed           |    84 |    76 ||   160
       Constrict         |    26 |    20 ||    46
       Tentacles         |    23 |    10 ||    33
       Punch             |     3 |     2 ||     5
       Kick              |     8 |    18 ||    26
 Cast: Beastly Appendage |     4 |     4 ||     8
       Wereblood         |       |     4 ||     4
 Stab: Sleeping          |     9 |     2 ||    11
Armor: Skin              |    11 |     2 ||    13
Dodge: Dodged            |    48 |    31 ||    79
